 Dungeon Crawl Stone Soup version 0.27.1-3-gb3d3a73c9e (webtiles) character file.

Game seed: 11914927337252412071

51 raph the Poker (level 3, -7/28 HPs)
             Began as a Merfolk Gladiator on Oct 6, 2021.
             Was a Believer of Jiyva.
             Mangled by Crazy Yiuf (10 damage)
             ... on level 2 of the Dungeon.
             The game lasted 00:02:06 (2085 turns).

raph the Poker (Merfolk Gladiator)                  Turns: 2085, Time: 00:02:07

Health: -7/28      AC:  6    Str: 14    XL:     3   Next: 83%
Magic:  3/3        EV: 13    Int:  7    God:    Jiyva [**....]
Gold:   44         SH:  0    Dex: 16    Spells: 2/2 levels left

rFire    . . .     SeeInvis .   a - +0 trident
rCold    . . .     Faith    .   (no shield)
rNeg     . . .     Spirit   .   b - +0 leather armour
rPois    .         Reflect  .   c - +0 helmet
rElec    .         Harm     .   i - +0 cloak
rCorr    .         Rampage  .   (no gloves)
Will     .....                  j - +0 pair of boots
Stlth    +.........             (no amulet)
HPRegen  0.09/turn              (no ring)
MPRegen  0.08/turn              (no ring)

@: no status effects
A: (nimble swimmer 2), mertail
a: Renounce Religion, Request Jelly


You were on level 2 of the Dungeon.
You worshipped Jiyva.
Jiyva was pleased with you.
You visited 1 branch of the dungeon, and saw 2 of its levels.

You collected 44 gold pieces.

Inventory:

Hand Weapons
 a - a +0 trident (weapon)
Missiles
 d - 3 throwing nets (quivered)
Armour
 b - a +0 leather armour (worn)
 c - a +0 helmet (worn)
 i - a +0 cloak (worn)
 j - a +0 pair of boots (worn)
Scrolls
 e - a scroll of teleportation {unknown}
 f - a scroll of identify {unknown}
Potions
 g - a potion of curing {unknown}
 h - a potion of brilliance {unknown}


   Skills:
 + Level 2.9 Fighting
 * Level 5.7 Polearms
 - Level 2.0 Throwing
 + Level 4.5 Dodging


You had 2 spell levels left.
You didn't know any spells.
Your spell library contained the following spells:

 Spells                   Type           Power      Damage    Failure   Level
 Summon Guardian Golem    Hex/Summ       0%         N/A       87%         3
 Orb of Destruction       Conj           0%         N/A       100%        7
 Spellforged Servitor     Conj/Summ      0%         N/A       100%        7


Dungeon Overview and Level Annotations

Branches:
Dungeon (2/15)

Altars:
Jiyva

Annotations:
D:2 Crazy Yiuf


Innate Abilities, Weirdness & Mutations

((You are quick and stealthy near water. (Stealth+, EV+, Speed+++)))
Your lower body shifts to a powerful aquatic tail in water.


Message History

You swap places.
You hear a distant slurping noise.
You hear a series of splatters.
Found a mace.
Found a runed translucent door.
You swap places.
You swap places.
Crazy Yiuf shouts!
You open the door. Crazy Yiuf barely misses you.
There is an open translucent door here.
You hit Crazy Yiuf.
Crazy Yiuf is lightly wounded.
Crazy Yiuf yells, "Cod blue senile!"
Crazy Yiuf misses you. Crazy Yiuf barely misses you.
You hit Crazy Yiuf.
Crazy Yiuf is moderately wounded.
Crazy Yiuf barely misses you.
You barely miss Crazy Yiuf.
Crazy Yiuf is moderately wounded.
Crazy Yiuf barely misses you.
You closely miss Crazy Yiuf.
Crazy Yiuf is moderately wounded.
Crazy Yiuf hits you with a +2 quarterstaff of chaos!
Crazy Yiuf freezes you.
You are too injured to fight recklessly!
You are too injured to fight recklessly!
You are too injured to fight recklessly!
You are too injured to fight recklessly!
You are too injured to fight recklessly!
You are too injured to fight recklessly!
You closely miss Crazy Yiuf.
Crazy Yiuf is moderately wounded.
Crazy Yiuf hits you with a +2 quarterstaff of chaos.
* * * LOW HITPOINT WARNING * * *
Crazy Yiuf burns you.
* * * LOW HITPOINT WARNING * * *
Okay, then.
You hear a slurping noise.
Crazy Yiuf hits you with a +2 quarterstaff of chaos!
You die...

J.....############
#.##.###.#
#....###.........#
##........##
....####.#######.#
#.....J.....
.#........# ###
#########.##
....####.## #.#
###.## ### #.#
##...## #####
######.# #.....##
#JJ.### ##....#.#
>..J...##
#.@g'.####.......##
........#####
#...##..#........##
.....J......#
########.#........'
........#####
#######..###
.......## #..# #
#.....## ### ###
#.## ##...## #.#
#.# #.# ##.## #.##
##.# #.# #.#
##.###.## #.#


You could see Crazy Yiuf and 2 neutral jellies (fellow slime).

Vanquished Creatures
  An adder (D:2)
  2 dart slugs
  7 ball pythons
  2 endoplasms (D:1)
  2 giant cockroaches
  6 goblins
  3 hobgoblins
  A quokka (D:2)
  3 bats (D:1)
  A frilled lizard (D:2)
  4 kobolds
  3 rats
35 creatures vanquished.

Vanquished Creatures (others)
  3 bats (D:2)
  A hobgoblin (D:2)
  3 kobolds (D:2)
  A frilled lizard (D:2)
8 creatures vanquished.

Grand Total: 43 creatures vanquished

Notes
Turn   | Place    | Note
-------+----------+-------------------------------------------
     0 | D:1      | raph the Merfolk Gladiator began the quest for the Orb.
     0 | D:1      | Reached XP level 1. HP: 16/16 MP: 1/1
   213 | D:1      | Reached XP level 2. HP: 14/23 MP: 2/2
   430 | D:1      | Reached skill level 5 in Polearms
   870 | D:1      | Found a faded altar of an unknown god.
   905 | D:1      | Reached XP level 3. HP: 28/28 MP: 3/3
   917 | D:1      | Became a worshipper of Jiyva Jaerikif the Shapeless
   917 | D:1      | Reached * piety under Jiyva
  1699 | D:2      | Reached ** piety under Jiyva
  2073 | D:2      | Found a runed translucent door.
  2074 | D:2      | Noticed Crazy Yiuf
  2085 | D:2      | Mangled by Crazy Yiuf

Illustrated notes

Levels and vault maps discovered:
D:1:      dpeg_arrival_concentric_ovals, layout_basic,
          hellmonk_ecumenical_altar_zigzags
D:2:      layout_loops_corners, hex_large, uniq_crazy_yiuf_cottage

Skill      XL: |  1  2 |
---------------+-------+-----
Polearms       | 5 |  5.7
Fighting       | |  2.9
Throwing       | |  2.0
Dodging        | |  4.5

Action                   || total
-------------------------++-------
Melee: Trident           ||   105
 Stab: Sleeping          ||     1
Armor: Leather armour    ||    27
Dodge: Dodged            ||    57
